 Dungeon Crawl Stone Soup version 0.20-a0-539-g174d061 (webtiles) character file.

601 Devintownsend the Chopper (level 7, -3/61 HPs)
             Began as a Minotaur Fighter on Jan 29, 2017.
             Shot with an arrow by a centaur (5 damage)
             ... on level 5 of the Dungeon.
             The game lasted 00:07:01 (2712 turns).

Devintownsend the Chopper (Minotaur Fighter)        Turns: 2712, Time: 00:07:02

Health: -3/61      AC:  8    Str: 26    XL:     7   Next: 18%
Magic:  6/6        EV: 10    Int:  5    God:
Gold:   201        SH:  4    Dex: 10    Spells: 6/6 levels left

rFire    + . .     SeeInvis .   G - +1 hand axe (chop)
rCold    . . .     Gourm    .   b - +0 scale mail
rNeg     . . .     Faith    .   m - +0 buckler
rPois    .         Spirit   .   (helmet restricted)
rElec    .         Reflect  .   (no cloak)
rCorr    .         Harm     .   A - +0 pair of gloves
MR       .....                  (no boots)
Stlth    ..........             (no amulet)
Regen    0.2/turn               B - +4 ring of strength
                                v - ring of protection from fire

@: no status effects
A: retaliatory headbutt, horns 2
a: no special abilities


You were on level 5 of the Dungeon.
You were not hungry.

You visited 1 branch of the dungeon, and saw 5 of its levels.

You collected 201 gold pieces.

Inventory:

Hand Weapons
 a - a +0 war axe
 G - a +1 hand axe of chopping (weapon)
Armour
 b - a +0 scale mail (worn)
 c - a +0 shield
 m - a +0 buckler (worn)
 A - a +0 pair of gloves (worn)
Jewellery
 v - a ring of protection from fire (left hand)
 B - a +4 ring of strength (right hand)
 I - an uncursed ring of fire {unknown}
Wands
 s - a wand of acid (7/15)
Scrolls
 k - 4 scrolls of identify {unknown}
 n - 3 scrolls of remove curse {unknown}
 q - a scroll of blinking {unknown}
 t - a scroll of immolation {unknown}
 w - 2 scrolls of fear {unknown}
 x - a scroll of random uselessness {unknown}
 y - a scroll of enchant weapon {unknown}
 C - a scroll of teleportation {unknown}
 E - a scroll of amnesia {unknown}
 F - a scroll of enchant armour {unknown}
Potions
 d - a potion of might
 e - 3 potions of agility {unknown}
 h - 2 potions of cancellation {unknown}
 i - a potion of magic {unknown}
 l - a potion of haste {unknown}
 o - a potion of beneficial mutation {unknown}
 r - a potion of brilliance {unknown}
 u - 4 potions of curing {unknown}
 z - a potion of heal wounds {unknown}
 D - a potion of cure mutation {unknown}
 H - a potion of invisibility {unknown}
Comestibles
 f - 4 bread rations
 g - 6 fruits
 j - 5 meat rations
 p - 2 royal jellies


   Skills:
 + Level 5.6 Fighting
 + Level 7.2 Axes
 + Level 5.5 Armour
 - Level 4.0 Shields


You had 6 spell levels left.
You didn't know any spells.

Dungeon Overview and Level Annotations

Branches:
Dungeon (5/15)
 Temple: D:4-7

Altars:
Kikubaaqudgha

Annotations:
D:5 bombasticus's ghost, amateur MiBe


Innate Abilities, Weirdness & Mutations

You reflexively headbutt those who attack you in melee.
You have a pair of horns on your head.


Message History

Found a viscous sapphire potion and 21 bolts.
You see here an arrow.
A centaur is nearby!
The centaur shoots an arrow.
The arrow hits you!
The centaur shoots an arrow.
You block the arrow.
You see here 2 arrows.
The centaur shoots an arrow.
The arrow hits you!
* * * LOW HITPOINT WARNING * * *
Found a dagger.
You see here an arrow.
The centaur shoots an arrow.
The arrow hits you.
* * * LOW HITPOINT WARNING * * *
Found a ring mail.
Bombasticus's ghost (amateur Minotaur Berserker) comes into view.
You see here an arrow.
Bombasticus's ghost turns its malevolent gaze towards you.
The centaur shoots an arrow.
The arrow hits you!
* * * LOW HITPOINT WARNING * * *
The centaur shoots an arrow.
The arrow hits you.
You die...

#.. #.. #..#### #..)..#
####.....#
##........####
..).!....!...#########
#.W...@((((.........##
#.#c...%....#.##.###>##
###....####....# #..#
#....# #..#.###...
#..(.# #..##...#.#
###.## #..###.##.# #.#
#..# #.(... #.[
###..###.##.#
###.##....))..##.#


You could see a centaur and bombasticus's ghost.

Vanquished Creatures
  A hungry ghost (D:4)
  2 vampire bats (D:2)
  4 wights (D:3)
  A hound (D:4)
  2 orc priests (D:5)
  An orc wizard (D:5)
  2 iguanas
  An adder skeleton (D:4)
  A worm (D:4)
  A dart slug (D:3)
  A leopard gecko (D:1)
  6 orcs
  2 ball pythons
  4 bat skeletons (D:2)
  3 bat zombies (D:2)
  4 giant cockroaches
  6 goblins
  6 hobgoblins
  3 jackals (D:4)
  5 bats
  3 frilled lizards
  3 kobolds
  5 rats
67 creatures vanquished.

Notes
Turn   | Place    | Note
-------+----------+-------------------------------------------
     0 | D:1      | Devintownsend the Minotaur Fighter began the quest for the Orb.
     0 | D:1      | Reached XP level 1. HP: 19/19 MP: 0/0
   164 | D:1      | Reached XP level 2. HP: 19/27 MP: 1/1
   710 | D:2      | You fall through a shaft!
   893 | D:2      | Reached XP level 3. HP: 33/33 MP: 2/2
  1165 | D:2      | Reached skill level 3 in Axes
  1179 | D:2      | Found an ancient bone altar of Kikubaaqudgha.
  1194 | D:2      | Reached XP level 4. HP: 36/41 MP: 3/3
  1202 | D:2      | Reached skill level 4 in Axes
  2034 | D:3      | Reached XP level 5. HP: 35/47 MP: 4/4
  2036 | D:3      | Reached skill level 5 in Fighting
  2036 | D:3      | Reached skill level 5 in Axes
  2054 | D:3      | Reached XP level 6. HP: 25/56 MP: 5/5
  2156 | D:4      | Reached skill level 5 in Armour
  2224 | D:4      | Reached skill level 6 in Axes
  2298 | D:4      | Noticed a hungry ghost
  2304 | D:4      | Killed a hungry ghost
  2659 | D:5      | Entered Level 5 of the Dungeon
  2668 | D:5      | Reached XP level 7. HP: 49/61 MP: 6/6
  2670 | D:5      | Reached skill level 7 in Axes
  2712 | D:5      | Noticed bombasticus's ghost (amateur MiBe)
  2712 | D:5      | HP: 2/61 [centaur/arrow (9)]
  2712 | D:5      | Shot with an arrow by a centaur

Vault maps used:
D:1:      nicolae_arrival_somewhat_less_tricky_arrival, minmay_splitting_lines
D:2:      kennysheep_vampire_church, first_bread
D:4:      serial_bayou_pond_a
D:5:      lemuel_zombie_altar_yredelemnul, kennysheep_dice

Skill      XL: |  1  2  3  4  5  6  7 |
---------------+----------------------+-----
Fighting       | 4 5 |  5.6
Shields        | 4 |  4.0
Armour         | 4 5 |  5.5
Axes           | 3 4 5 6 7 |  7.2

Action                   |  1- 3 |  4- 6 |  7- 9 || total
-------------------------+-------+-------+-------++-------
Melee: War axe           |    67 |    46 |       ||   113
       Headbutt          |     9 |     9 |     4 ||    22
       Hand axe          |       |     6 |    14 ||    20
  Eat: Chunk             |       |     6 |       ||     6
Armor: Scale mail        |    57 |    19 |     1 ||    77
Dodge: Dodged            |    43 |    30 |     4 ||    77
Block: Shield            |    29 |       |       ||    29
       Buckler           |    15 |     8 |     3 ||    26
